 Dungeon Crawl Stone Soup version 0.28-a0-297-g99b01970c5 (webtiles) character file.

Game seed: 188817064903732184

0 Gargoyl the Skirmisher (level 1, -3/23 HPs)
             Began as a Gnoll Abyssal Knight on Aug 29, 2021.
             Was a Follower of Lugonu.
             Slain by an ancient zyme (4 damage)
             ... on level 1 of the Abyss.
             The game lasted 00:00:31 (216 turns).

Gargoyl the Skirmisher (Gnoll Abyssal Knight)        Turns: 216, Time: 00:00:31

Health: -3/23      AC:  3    Str: 11    XL:     1   Next: 0%
Magic:  3/3        EV: 11    Int: 11    God:    Lugonu [*.....]
Gold:   0          SH:  0    Dex: 11    Spells: 0/0 levels left

rFire   . . .      SeeInvis .   a - +1 hand axe
rCold   . . .      Faith    .   (no shield)
rNeg    . . .      Spirit   .   b - +0 leather armour
rPois   .          Reflect  .   (no helmet)
rElec   .          Harm     .   (no cloak)
rCorr   .          Rampage  .   (no gloves)
Will    .....                   (no boots)
Stlth   +.........              (no amulet)
HPRegen 0.00/turn               (no ring)
MPRegen 0.08/turn               (no ring)

@: badly diseased
A: fangs 1, strong nose, distributed training
a: Renounce Religion, Depart the Abyss


You were on level 1 of the Abyss.
You worshipped Lugonu.
Lugonu was aware of your devotion.
You visited 0 branches of the dungeon, and saw 0 of its levels.
You visited the Abyss 1 time.

Inventory:

Hand Weapons
 a - a +1 hand axe (weapon)
Armour
 b - a +0 leather armour (worn)


   Skills:
 + Level 6.4 Fighting
 + Level 0.0 Short Blades
 + Level 0.0 Long Blades
 + Level 4.4 Axes
 + Level 0.0 Maces & Flails
 + Level 0.0 Polearms
 + Level 0.0 Staves
 + Level 0.0 Slings
 + Level 0.0 Bows
 + Level 0.0 Crossbows
 + Level 0.0 Throwing
 + Level 4.4 Armour
 + Level 2.3 Dodging
 + Level 0.0 Stealth
 + Level 0.0 Shields
 + Level 0.0 Unarmed Combat
 + Level 0.0 Spellcasting
 + Level 0.0 Conjurations
 + Level 0.0 Hexes
 + Level 0.0 Summonings
 + Level 0.0 Necromancy
 + Level 0.0 Translocations
 + Level 0.0 Transmutations
 + Level 0.0 Fire Magic
 + Level 0.0 Ice Magic
 + Level 0.0 Air Magic
 + Level 0.0 Earth Magic
 + Level 0.0 Poison Magic
 + Level 4.4 Invocations
 + Level 0.0 Evocations


You couldn't memorise any spells.
You didn't know any spells.
Your spell library contained the following spells:

 Spells                   Type           Power      Damage    Failure   Level
 Sublimation of Blood     Necr           0%         N/A       56%         2
 Wereblood                Tmut           0%         N/A       56%         2
 Summon Hydra             Summ           0%         N/A       100%        7


Dungeon Overview and Level Annotations

Branches:
Dungeon (0/15)

Altars:


Innate Abilities, Weirdness & Mutations

You have very sharp teeth.
Your uncanny sense of smell can sniff out nearby items.
Your experience applies equally to all skills.


Message History

You pick up a book of Blood and begin reading...
You add the spells Sublimation of Blood, Wereblood and Summon Hydra to your library.
An ancient zyme erupts from nowhere.
An ancient zyme is nearby!
A large abomination comes into view.
You feel yourself growing ill in the presence of the ancient zyme.
You feel ill.
A small abomination comes into view.
You feel ill.
You feel ill.
You feel ill.
You feel ill.
You feel ill.
You feel ill.
You feel ill.
Found a scroll labelled XAUPSO WEGRENEHA.
You feel ill.
Tentacles burst out of the water! 2 tentacles come into view.
You see here a scroll labelled XAUPSO WEGRENEHA.
c - a scroll labelled XAUPSO WEGRENEHA A tentacle comes into view.
As you read the scroll labelled XAUPSO WEGRENEHA, it crumbles to dust.
It is a scroll of amnesia.
You feel forgetful for a moment. The tentacle slaps you!!
Ouch! That really hurt!
* * * LOW HITPOINT WARNING * * *
A tentacle comes into view.
Unknown command.
You feel ill.
You feel ill.
Unknown command.
You feel ill.
You feel ill.
A crimson imp comes into view.
The crimson imp shouts!
You feel ill.
The ancient zyme hits you but does no damage.
The ancient zyme hits you.
You die...

...#.###..#.
##.... #..
#.#.###.# # ##
######..##.....#
# .. #...#.
#...## #...# #.#
#.....###.#. ##
## . ..
#....##.## ##
#..#...# #.
#..#x#..# ## ∆
#.@##.# ∆ #..#
... #.## #5.. ##
..## #.# .. ∆


You could see an ancient zyme.

Vanquished Creatures (others)
  4 tentacles (Abyss:1)
4 creatures vanquished.

Notes
Turn   | Place    | Note
-------+----------+-------------------------------------------
     0 | Abyss:1  | Gargoyl the Gnoll Abyssal Knight began the quest for the
                  | Orb.
     0 | Abyss:1  | Reached XP level 1. HP: 23/23 MP: 3/3
    18 | Abyss:1  | Found a corrupted altar of Lugonu.
   142 | Abyss:1  | Noticed an ancient zyme
   143 | Abyss:1  | Noticed a large abomination
   152 | Abyss:1  | Noticed a small abomination
   183 | Abyss:1  | Noticed a kraken
   190 | Abyss:1  | HP: 1/23 [tentacle[a kraken] (22)]
   213 | Abyss:1  | Noticed a crimson imp
   216 | Abyss:1  | Slain by an ancient zyme

Illustrated notes

Levels and vault maps discovered:
Abyss:1:  base: Temple, base: Temple, gammafunk_abyss_exit_x_factor,
          evilmike_abyss_exit_kraken, evilmike_abyss_exit_kraken

Action                   || total
-------------------------++-------
  Use: Scroll            ||     3
Armor: Leather armour    ||     1

Table legend: (Time is in decaauts)
 A = Elapsed time spent in this place.
 B = Non-inter-level travel time spent in this place.
 C = Inter-level travel time spent in this place.
 D = Time resting spent in this place.
 E = Time spent auto-exploring this place.
 F = Levels seen in this place.
 G = Mean time per level.
                   A        B        C        D        E       F      G
               +--------+--------+--------+--------+--------+-----+--------+
         Total |    216 |    216 |      0 |      0 |    134 |   1 |  216.0 |
         Abyss |    216 |    216 |      0 |      0 |    134 |   1 |  216.0 |
               +--------+--------+--------+--------+--------+-----+--------+

Top non-repeatable levels by time:
 Abyss:1: 216 daAuts
